 Dungeon Crawl Stone Soup version 0.31-a0-1074-g0b22e4e0f1 (webtiles) character file.

Game seed: 8849651579072311555

3103 luckyleol the Geomancer (level 9, -6/48 HPs)
             Began as a Gargoyle Earth Elementalist on Dec 1, 2023.
             Was a Priest of Sif Muna.
             Mangled by XomNomNom's ghost (10 damage)
             ... on level 7 of the Dungeon.
             The game lasted 00:26:00 (7124 turns).

luckyleol the Geomancer (GrEE)                      Turns: 7124, Time: 00:26:01

Health: -6/48      AC: 12    Str: 13    XL:     9   Next: 90%
Magic:  9/21       EV: 12    Int: 19    God:    Sif Muna [***...]
Gold:   205        SH:  0    Dex: 10    Spells: 18/24 levels left

rFire   + . .        o - +1 whip (drain)
rCold   + . .        (no shield)
rNeg    + . .        A - +2 robe {rC+ rF+}
rPois   ∞            (no helmet)
rElec   +            K - +1 cloak
rCorr   .            (no gloves)
SInv    .            (no boots)
Will    .....        (no amulet)
Stlth   ++           (no ring)
HPRegen 0.28/turn    (no ring)
MPRegen 0.17/turn

%: no passive effects
@: mighty
A: sickness immunity, AC +6, negative energy resistance 1, electricity
resistance, torment resistance 1, petrification resistance
a: Renounce Religion, Channel Magic, Forget Spell


You were on level 7 of the Dungeon.
You worshipped Sif Muna.
Sif Muna was most pleased with you.
You visited 1 branch of the dungeon, and saw 7 of its levels.
You also visited: Sewer.

You collected 205 gold pieces.

Inventory:

Hand Weapons
 h - a +0 mace
 o - a +1 whip of draining (weapon)
 y - a +2 scythe of venom
 C - a +0 mace of holy wrath
 L - a +5 falchion
Missiles
 n - 2 throwing nets
Armour
 a - a +0 robe
 g - a +0 cloak
 A - a +2 robe of resistance (worn)
 B - a +0 pair of gloves
 G - the +5 scale mail of Mysticism {Harm Str+5 Dex-4 Stlth+}
   (You found it on level 6 of the Dungeon)

   Str+5:     It affects your strength (+5).
   Dex-4:     It affects your dexterity (-4).
   Harm:      It increases damage dealt and taken.
   Stlth+:    It makes you more stealthy.
 K - a +1 cloak (worn)
Jewellery
 E - a +4 ring of slaying
Wands
 q - a wand of flame (15)
 D - a wand of mindburst (8)
Scrolls
 c - a scroll of enchant weapon {unknown}
 d - 6 scrolls of identify {unknown}
 f - a scroll of brand weapon {unknown}
 k - 4 scrolls of immolation
 p - 3 scrolls of enchant armour {unknown}
 r - a scroll of fear {unknown}
 t - 2 scrolls of poison {unknown}
 u - a scroll of amnesia {unknown}
 v - a scroll of vulnerability {unknown}
 w - 4 scrolls of teleportation {unknown}
 F - a scroll of blinking {unknown}
Potions
 b - 5 potions of magic
 e - a potion of might
 i - 2 potions of enlightenment {unknown}
 j - 2 potions of curing {unknown}
 l - a potion of berserk rage {unknown}
 m - 2 potions of brilliance {unknown}
 s - a potion of lignification {unknown}
 x - a potion of attraction {unknown}
 z - a potion of mutation {unknown}
 H - 2 potions of haste {unknown}
 I - 3 potions of heal wounds {unknown}
 J - a potion of invisibility {unknown}


   Skills:
 + Level 2.0 Fighting
 + Level 2.5 Maces & Flails
 + Level 3.3 Dodging
 + Level 4.0 Stealth
 + Level 8.3 Spellcasting
 + Level 0.5 Conjurations
 + Level 0.7 Transmutations
 + Level 10.5 Earth Magic


You had 18 spell levels left.
You knew the following spells:

 Your Spells              Type           Power      Damage    Failure   Level
a - Sandblast             Erth           96%        2d20      1%          1
b - Passwall              Tmut/Erth      24%        N/A       1%          2
c - Stone Arrow           Conj/Erth      58%        3d10      2%          3

Your spell library contained the following spells:

 Spells                   Type           Power      Damage    Failure   Level
 Brom's Barrelling Bould  Conj/Erth      29%        2d5       9%          4
 Petrify                  Tmut/Erth      29%        N/A       9%          4
 Scorch                   Fire           14%        2d5       13%         2
 Dazzling Flash           Conj/Hex       16%        N/A       24%         3
 Flame Wave               Conj/Fire      8%         2d5       61%         4
 Agony                    Necr           7%         N/A       94%         5
 Silence                  Hex/Air        3%         N/A       94%         5
 Summon Cactus Giant      Summ           3%         N/A       100%        6


Dungeon Overview and Level Annotations

Branches:
Dungeon (7/15)             Temple (0/1) D:4           Sewer (visited)

Altars:
Elyvilon
Sif Muna
Yredelemnul

Shops:
D:5 (

Annotations:
D:7 XomNomNom's ghost, novice TrDe


Innate Abilities, Weirdness & Mutations

You are immune to sickness and miasma.
Your stone body is resilient. (AC +6)
You are immune to poison.
You resist negative energy. (rN+)
You are resistant to electric shocks. (rElec)
You are resistant to unholy torment.
You are immune to petrification.


Message History

Aim: XomNomNom's ghost, wielding a weapon of protection (heavily damaged, 68% to hit)
The stone arrow misses XomNomNom's ghost.
XomNomNom's ghost hits you!
Casting: Stone Arrow (dangerous; 2% risk of failure)
Confirm with . or Enter, or press ? or * to list all spells.
Aiming: Stone Arrow (dangerous; 2% risk of failure)
Press: ? - help, Shift-Dir - straight line, f/p - XomNomNom's ghost
Aim: XomNomNom's ghost, wielding a weapon of protection (heavily damaged, 68% to hit)
The stone arrow hits XomNomNom's ghost!
XomNomNom's ghost is severely damaged.
You hear the creaking of a very distant portcullis.
XomNomNom's ghost whispers, "The ORB doesn't exist."
XomNomNom's ghost hits you but does no damage.
It was a potion of might.
You feel very mighty all of a sudden. XomNomNom's ghost hits you.
* * * LOW HITPOINT WARNING * * *
You completely miss XomNomNom's ghost.
XomNomNom's ghost is severely damaged.
XomNomNom's ghost hits you.
* * * LOW HITPOINT WARNING * * *
You hit XomNomNom's ghost.
XomNomNom's ghost is severely damaged.
XomNomNom's ghost barely misses you.
You whack XomNomNom's ghost!
XomNomNom's ghost is severely damaged.
XomNomNom's ghost hits you.
* * * LOW HITPOINT WARNING * * *
You closely miss XomNomNom's ghost.
XomNomNom's ghost is severely damaged.
XomNomNom's ghost stares at you. XomNomNom's ghost barely misses you.
You closely miss XomNomNom's ghost.
XomNomNom's ghost is severely damaged.
XomNomNom's ghost hits you.
* * * LOW HITPOINT WARNING * * *
You barely miss XomNomNom's ghost.
XomNomNom's ghost is severely damaged.
XomNomNom's ghost hits you!
You die...

##..#.## ##....#.##
##..##..###.......#
##..####...........#
#..## ##..........#
##.# #..........###
###§§§###............
#§§§# #............
##W#####........###
#.@....#....#####
#..........##
##......(..#
####......####
#..........#####
#...####.........
...### ##........
..## ##....... ##
#....>..


You could see XomNomNom's ghost.

Vanquished Creatures
  An ugly thing (D:7)
  Grinder (D:5)
  A hornet (D:6)
  Sigmund (D:5)
  2 ice beasts
  A centaur (D:5)
  An ogre (D:4)
  4 kobold brigands (Sewer)
  6 scorpions
  3 wights (D:7)
  A howler monkey (D:5)
  3 jellies
  4 hounds
  3 orc priests
  Crazy Yiuf (D:6)
  4 iguanas
  A sleepcap (D:4)
  5 orc wizards
  6 gnolls
  8 river rats (Sewer)
  11 adders
  A shadow imp (D:7)
  2 white imps
  6 ufetubi
  A worm (D:6)
  7 dart slugs
  19 orcs
  6 endoplasms (D:1)
  2 giant cockroaches
  11 goblins
  9 hobgoblins
  13 kobolds
  5 quokkas
  14 ball pythons
  6 bats
  5 frilled lizards
  21 rats
196 creatures vanquished.

Notes
Turn   | Place    | Note
-------+----------+-------------------------------------------
     0 | D:1      | luckyleol the Gargoyle Earth Elementalist began the quest
                  | for the Orb.
     0 | D:1      | Reached XP level 1. HP: 10/10 MP: 3/3
   334 | D:1      | Reached XP level 2. HP: 15/15 MP: 3/5
   464 | D:1      | Reached skill level 4 in Earth Magic
   691 | D:1      | Reached XP level 3. HP: 19/19 MP: 4/6
   740 | D:1      | Learned a level 2 spell: Passwall
   878 | D:1      | Found a faded altar of an unknown god.
  1369 | D:2      | Reached XP level 4. HP: 24/24 MP: 1/8
  1474 | D:2      | Learned a level 3 spell: Stone Arrow
  1649 | D:2      | Found a basalt altar of Yredelemnul.
  1931 | D:3      | Reached skill level 5 in Earth Magic
  1936 | D:3      | Reached XP level 5. HP: 28/28 MP: 3/10
  2344 | D:3      | Reached XP level 6. HP: 17/33 MP: 4/11
  2600 | D:3      | Found a shimmering blue altar of Sif Muna.
  2609 | D:3      | Became a worshipper of Sif Muna the Loreminder
  2989 | D:4      | Reached skill level 1 in Fighting
  3016 | D:4      | Reached skill level 6 in Earth Magic
  3310 | D:4      | Found a staircase to the Ecumenical Temple.
  3351 | D:4      | Reached XP level 7. HP: 38/38 MP: 10/13
  3436 | D:4      | Found a white marble altar of Elyvilon.
  3505 | D:4      | Reached skill level 1 in Maces & Flails
  3904 | D:5      | Entered Level 5 of the Dungeon
  3980 | D:5      | Reached skill level 5 in Spellcasting
  4210 | D:5      | Noticed Sigmund
  4214 | D:5      | Killed Sigmund
  4215 | D:5      | Reached skill level 7 in Earth Magic
  4215 | D:5      | Reached XP level 8. HP: 43/43 MP: 7/16
  4279 | D:5      | Found Giyrirat's Weapon Boutique.
  4360 | D:5      | Reached * piety under Sif Muna
  4730 | D:5      | Noticed Grinder
  4739 | D:5      | Killed Grinder
  4740 | D:5      | Reached skill level 8 in Earth Magic
  5278 | D:6      | Noticed a hornet
  5292 | D:6      | Killed a hornet
  5293 | D:6      | Reached skill level 9 in Earth Magic
  5293 | D:6      | Reached XP level 9. HP: 35/48 MP: 11/19
  5350 | D:6      | Identified the +5 scale mail of Mysticism {Harm Str+5 Dex-4
                  | Stlth+}
  5469 | D:6      | Found a glowing drain.
  5476 | Sewer    | Entered a sewer
  5632 | Sewer    | Reached ** piety under Sif Muna
  6472 | D:6      | Found a runed translucent door.
  6473 | D:6      | Noticed Crazy Yiuf
  6705 | D:6      | Killed Crazy Yiuf
  6851 | D:7      | Reached skill level 10 in Earth Magic
  7096 | D:7      | Found a runed translucent door.
  7099 | D:7      | Noticed XomNomNom's ghost (novice TrDe)
  7102 | D:7      | Noticed a green ugly thing
  7107 | D:7      | Killed a green ugly thing
  7107 | D:7      | Reached *** piety under Sif Muna
  7124 | D:7      | Mangled by XomNomNom's ghost

Illustrated notes

Levels and vault maps discovered:
D:1:      dpeg_arrival_chambers_temple_mockup, layout_basic,
          hellmonk_ecumenical_altar_inner_sanctum
D:2:      layout_rooms, basic_altar, minmay_misc_feat_encased,
          serial_bayou_crossing
D:3:      layout_basic, nicolae_sif_muna_condensation
D:4:      layout_loops_ring, mainiacjoe_overflow_24_doors,
          minmay_temple_entry_statues_pillars
D:5:      layout_basic, serial_shops, shop, kennysheep_generic_room_10,
          uniq_grinder, uniq_sigmund
D:6:      layout_rooms, mainiacjoe_sewer_entry_somewhere_in_here_1,
          feat_on_display, uniq_crazy_yiuf_cottage
D:7:      layout_layer_cave, enter_bailey_6, ebering_ghost_inner_flame

Skill      XL: |  1  2  3  4  5  6  7  8  9 |
---------------+----------------------------+-----
Earth Magic    | 4 5 6 7 9 10 | 10.5
Spellcasting   | 3 4 5 6 8 |  8.3
Dodging        | 2 3 |  3.3
Stealth        | 3 4 |  4.0
Fighting       | 1 2 |  2.0
Maces & Flails | 2 |  2.5
Conjurations   | |  0.5
Transmutations | |  0.7

Action                     |  1- 3 |  4- 6 |  7- 9 || total
---------------------------+-------+-------+-------++-------
  Melee: Mace              |    25 |    10 |       ||    35
         Whip              |       |    27 |    79 ||   106
         Punch             |       |       |     1 ||     1
   Cast: Sandblast         |    44 |    63 |   186 ||   293
         Stone Arrow       |       |     6 |    10 ||    16
    Use: Potion            |       |       |     1 ||     1
 Armour: Robe              |    25 |    39 |   149 ||   213
  Dodge: Dodged            |    22 |    40 |    86 ||   148

Table legend: (Time is in decaauts)
 A = Elapsed time spent in this place.
 B = Non-inter-level travel time spent in this place.
 C = Inter-level travel time spent in this place.
 D = Time resting spent in this place.
 E = Time spent auto-exploring this place.
 F = Levels seen in this place.
 G = Mean time per level.
                   A        B        C        D        E       F      G
               +--------+--------+--------+--------+--------+-----+--------+
         Total |   7312 |   7132 |    180 |    458 |   5343 |   8 |  914.0 |
       Dungeon |   6434 |   6254 |    180 |    458 |   4662 |   7 |  919.1 |
         Sewer |    878 |    878 |      0 |      0 |    681 |   1 |  878.0 |
               +--------+--------+--------+--------+--------+-----+--------+

Top non-repeatable levels by time:
     D:1: 1296 daAuts
     D:5: 1285 daAuts
     D:3: 1179 daAuts
     D:4: 937 daAuts
   Sewer: 878 daAuts
     D:6: 806 daAuts
     D:2: 567 daAuts
     D:7: 361 daAuts
